 Dungeon Crawl Stone Soup version 0.27.1-33-g824d729ab1 (webtiles) character file.

Game seed: 7936829066370222811

3536 pkoi the Martial Artist (level 9, 0/70 HPs)
             Began as a Yellow Draconian Monk on Dec 7, 2021.
             Was a Priest of Okawaru.
             Slain by a two-headed ogre (19 damage)
             ... on level 8 of the Dungeon.
             The game lasted 00:11:20 (11325 turns).

pkoi the Martial Artist (Yellow Draconian Monk)    Turns: 11325, Time: 00:11:21

Health: 0/70       AC: 10    Str: 14    XL:     9   Next: 82%
Magic:  0/12       EV: 14    Int: 13    God:    Okawaru [***...]
Gold:   324        SH:  0    Dex: 14    Spells: 12/12 levels left

rFire    . . .     SeeInvis .     - Unarmed
rCold    . . .     Faith    .   (no shield)
rNeg     . . .     Spirit   +   (armour unavailable)
rPois    .         Reflect  .   (helmet restricted)
rElec    .         Harm     .   e - +0 cloak
rCorr    +         Rampage  .   j - +1 pair of gloves
Will     .....                  (no boots)
Stlth    ++........             h - amulet of guardian spirit
HPRegen  0.21/turn              (no ring)
MPRegen  0.13/turn              (no ring)

@: short of breath, studying Earth Magic
A: spit acid, AC +7, unfitting armour, cold-blooded, acid resistance
a: Breathe Acid, Renounce Religion, Heroism


You were on level 8 of the Dungeon.
You worshipped Okawaru.
Okawaru was most pleased with you.
You visited 2 branches of the dungeon, and saw 9 of its levels.

You collected 324 gold pieces.

Inventory:

Hand Weapons
 b - a +0 hand crossbow
 c - a +2 dagger of venom
Missiles
 f - 2 throwing nets (quivered)
 k - 37 bolts
Armour
 e - a +0 cloak (worn)
 j - a +1 pair of gloves (worn)
Jewellery
 h - an amulet of guardian spirit (around neck)
Wands
 n - a wand of paralysis (9)
 q - a wand of acid (4)
Scrolls
 d - 6 scrolls of teleportation
 o - a scroll of enchant weapon
 p - a scroll of enchant armour
 r - a scroll of blinking
Potions
 a - 2 potions of brilliance
 g - 2 potions of flight
 i - 2 potions of heal wounds
 l - a potion of ambrosia {unknown}
 m - 2 potions of might {unknown}
 s - a potion of invisibility {unknown}
 t - a potion of curing {unknown}


   Skills:
 - Level 3.2 Fighting
 + Level 3.7 Crossbows
 + Level 6.0 Dodging
 - Level 1.7 Stealth
 * Level 11.1 Unarmed Combat
 - Level 2.0 Spellcasting
 - Level 4.4 Earth Magic
 + Level 3.6 Invocations


You had 12 spell levels left.
You didn't know any spells.
Your spell library contained the following spells:

 Spells                   Type           Power      Damage    Failure   Level
 Dazzling Flash           Conj/Hex       2%         N/A       58%         3
 Ozocubu's Armour         Ice            1%         N/A       58%         3
 Iskenderun's Mystic Bla  Conj/Tloc      1%         2d3       94%         4
 Summon Forest            Summ/Tloc      0%         N/A       100%        5
 Eringya's Noxious Bog    Tmut/Pois      0%         N/A       100%        6
 Starburst                Conj/Fire      0%         6d3       100%        6
 Ozocubu's Refrigeration  Ice            0%         4d5       100%        7
 Summon Hydra             Summ           0%         N/A       100%        7


Dungeon Overview and Level Annotations

Branches:
Dungeon (8/15)             Temple (1/1) D:5
   Lair: D:8-11

Altars:
Ashenzari
Cheibriados
Dithmenos
Elyvilon
Fedhas
Gozag
Hepliaklqana
Kikubaaqudgha
Makhleb
Nemelex Xobeh
Okawaru
Qazlal
Ru
Sif Muna
Trog
Uskayaw
Vehumet
Wu Jian
Xom
Yredelemnul
Zin
The Shining One

Shops:
D:5 (

Annotations:
D:7 2 transporters, 2 runed translucent doors, Crazy Yiuf; Powertoast's ghost, novice TrTm


Innate Abilities, Weirdness & Mutations

You can spit globs of acid.
Your golden yellow scales are hard. (AC +7)
You cannot fit into any form of body armour.
You are cold-blooded and may be slowed by cold attacks.
You are resistant to acid. (rCorr)


Message History

You shoot a bolt. The bolt hits the kobold.
You kill the kobold!
A two-headed ogre comes into view.
It is wielding a +0 giant club and a +0 giant spiked club.
You shoot a bolt. The bolt hits the two-headed ogre!
The two-headed ogre is lightly wounded.
The two-headed ogre barely misses you. The two-headed ogre misses you.
A kobold comes into view. It is wielding a +0 short sword.
Unknown command.
The kobold shouts!
You are now empty-handed.
The two-headed ogre hits you with a +0 giant club!
The two-headed ogre hits you with a +0 giant spiked club!!
Press: ? - help, Shift-Dir - straight line, f/p - two-headed ogre
Aim: a two-headed ogre, wielding a +0 giant club and a +0 giant spiked club (lightly wounded)
You spit a glob of acid.
The glob of acid hits the two-headed ogre!
The two-headed ogre is splashed with acid.
The acid corrodes the two-headed ogre!
The two-headed ogre is moderately wounded.
The acid splashes onto the acid dragon!
The acid dragon is splashed with acid.
The two-headed ogre hits you with a +0 giant club!
* * * LOW HITPOINT WARNING * * *
The two-headed ogre closely misses you.
You hit the two-headed ogre.
The two-headed ogre is moderately wounded.
You punch the two-headed ogre!
The two-headed ogre is severely wounded.
The two-headed ogre misses you. The two-headed ogre closely misses you.
You punch the two-headed ogre!
The two-headed ogre is almost dead.
You barely miss the two-headed ogre.
Your tail-slap misses the two-headed ogre.
The two-headed ogre is almost dead.
The two-headed ogre misses you.
The two-headed ogre hits you with a +0 giant spiked club!
* * * LOW HITPOINT WARNING * * *
You barely miss the two-headed ogre. You tail-slap the two-headed ogre.
The two-headed ogre is almost dead.
The two-headed ogre hits you with a +0 giant club!!
You die...

####.##......# .(
#.....#......# .(
......#...<..# K
......####.#######K#
# ......#
#.......#(#..#
....###
###....KK....# ..###
#.###D#...... ..#
#.# #O# .#.## ..#
#.# #@# # ..# #.#
#.# ..# #.. ..# ..#
####### ..# ..#


You could see a two-headed ogre (corroded), an acid dragon, a kobold brigand and
a kobold.

Vanquished Creatures
  Pikel (D:7)
  2 steam dragons (D:7)
  2 water moccasins
  An orc warrior (D:5)
  3 ice beasts
  A sky beast (D:7)
  An ogre (D:6)
  2 lemures (D:7)
  A kobold brigand (D:6)
  2 phantoms
  5 bullfrogs
  3 scorpions
  A water moccasin skeleton (D:5)
  2 wights (D:7)
  A centaur zombie (D:6)
  6 howler monkeys
  A gnoll shaman (D:7)
  A bullfrog skeleton (D:7)
  2 orc priests (D:4)
  6 hounds
  6 iguanas
  An orc wizard (D:3)
  A hound skeleton (D:4)
  Robin (D:2)
  10 gnolls
  A howler monkey zombie (D:8)
  3 adders
  2 adder skeletons
  A worm (D:3)
  A dart slug (D:3)
  15 orcs
  10 endoplasms
  A giant cockroach (D:3)
  13 goblins
  18 hobgoblins
  8 jackals (D:5)
  6 quokkas
  4 ball pythons
  8 bats
  2 frilled lizards (D:3)
  14 kobolds
  10 rats
180 creatures vanquished.

Vanquished Creatures (others)
  An unseen horror (D:7)
1 creature vanquished.

Grand Total: 181 creatures vanquished

Notes
Turn   | Place    | Note
-------+----------+-------------------------------------------
     0 | D:1      | pkoi the Draconian Monk began the quest for the Orb.
     0 | D:1      | Reached XP level 1. HP: 19/19 MP: 1/1
   164 | D:1      | Found a faded altar of an unknown god.
   296 | D:1      | Reached XP level 2. HP: 2/26 MP: 2/2
  1167 | D:1      | Reached skill level 4 in Unarmed Combat
  1409 | D:1      | Reached XP level 3. HP: 23/31 MP: 3/3
  2171 | D:2      | Noticed Robin
  2198 | D:2      | Killed Robin
  3049 | D:3      | Reached XP level 4. HP: 33/38 MP: 4/4
  3153 | D:3      | Reached skill level 5 in Unarmed Combat
  4110 | D:3      | Found a blossoming altar of Fedhas.
  4162 | D:3      | Reached XP level 5. HP: 45/45 MP: 5/5
  4367 | D:3      | Found a bloodstained altar of Trog.
  4659 | D:4      | Reached skill level 6 in Unarmed Combat
  5393 | D:4      | Noticed a phantom
  5493 | D:4      | Reached XP level 6. HP: 46/51 MP: 6/6
  5778 | D:4      | Identified a scroll of acquirement
  5778 | D:4      | Acquired a manual of Earth Magic
  5822 | D:4      | Reached skill level 7 in Unarmed Combat
  6173 | D:5      | Entered Level 5 of the Dungeon
  6291 | D:5      | Found Qaxkutiosk's Antique Weapon Emporium.
  6340 | D:5      | Your scales start taking on a golden yellow colour.
  6340 | D:5      | Reached XP level 7. HP: 34/57 MP: 5/7
  6340 | D:5      | Gained mutation: You are resistant to acid. (rCorr) [Yellow
                  | Draconian growth]
  6638 | D:5      | Reached skill level 8 in Unarmed Combat
  6706 | D:5      | Found a staircase to the Ecumenical Temple.
  6792 | D:5      | Reached skill level 9 in Unarmed Combat
  7026 | Temple   | Entered the Ecumenical Temple
  7241 | Temple   | Became a worshipper of Warmaster Okawaru
  7241 | Temple   | Reached * piety under Okawaru
  7241 | Temple   | Reached ** piety under Okawaru
  7667 | D:5      | Reached skill level 1 in Earth Magic
  7667 | D:5      | Reached XP level 8. HP: 57/63 MP: 5/8
  7802 | D:6      | Reached skill level 1 in Spellcasting
  8460 | D:6      | Reached skill level 1 in Crossbows
  8811 | D:6      | Reached *** piety under Okawaru
  8812 | D:6      | Reached skill level 5 in Dodging
  9038 | D:6      | Found a basalt altar of Yredelemnul.
  9072 | D:7      | Reached skill level 10 in Unarmed Combat
  9084 | D:7      | Reached XP level 9. HP: 66/70 MP: 12/12
  9107 | D:7      | Found a transporter.
  9177 | D:7      | Reached skill level 1 in Invocations
  9502 | D:7      | Found a transporter.
  9567 | D:7      | Found a sacrificial altar of Ru.
  9586 | D:7      | Found a runed translucent door.
  9587 | D:7      | Noticed Crazy Yiuf
  9622 | D:7      | Killed an unseen horror
  9734 | D:7      | Noticed Pikel
 10356 | D:7      | Killed Pikel
 10631 | D:7      | Reached skill level 11 in Unarmed Combat
 11001 | D:7      | Found a runed translucent door.
 11017 | D:7      | Noticed Powertoast's ghost (novice TrTm)
 11315 | D:8      | Noticed a two-headed ogre
 11325 | D:8      | Slain by a two-headed ogre

Illustrated notes

Levels and vault maps discovered:
D:1:      elethiomel_arrival_maze, layout_loops_corners,
          hellmonk_ecumenical_altar_arch_garden
D:2:      wander_river, layout_basic, uniq_robin
D:3:      layout_loops_ring, fedhas_altar_2, lemuel_doored_altar,
          minmay_joined_circles
D:4:      layout_loops_ring, st_stairs_12
D:5:      layout_basic, minmay_temple_entry_tees, serial_shops, shop,
          bh_walls_and_bars
D:6:      layout_rooms, mainiacjoe_overflow_brackets
D:7:      gammafunk_steamed_eel, layout_loops_ring, hangedman_ru_absence,
          ebering_ghost_reflecting_pool, uniq_pikel, uniq_crazy_yiuf_cottage
D:8:      layout_basic
Temple:   dpeg_five_rooms_temple

Skill      XL: |  1  2  3  4  5  6  7  8  9 |
---------------+----------------------------+-----
Unarmed Combat | 4 5 6 7 9 10 11 | 11.1
Dodging        | 3 4 5 6 |  6.0
Earth Magic    | 1 4 |  4.4
Spellcasting   | 2 |  2.0
Crossbows      | 1 3 |  3.7
Invocations    | 3 |  3.6
Fighting       | |  3.2
Stealth        | |  1.7

Action                   |  1- 3 |  4- 6 |  7- 9 || total
-------------------------+-------+-------+-------++-------
Melee: Unarmed           |   180 |   246 |   299 ||   725
       Tailslap          |    16 |    36 |    46 ||    98
       Punch             |     5 |     8 |    10 ||    23
 Fire: Hand crossbow     |       |       |    14 ||    14
 Abil: Breathe Acid      |       |       |    15 ||    15
  Use: Scroll            |     5 |     5 |     4 ||    14
       Potion            |       |     1 |     1 ||     2
 Stab: Sleeping          |     5 |     1 |     1 ||     7
Armor: Skin              |    66 |    63 |    99 ||   228
Dodge: Dodged            |   121 |   116 |   169 ||   406
